 Dungeon Crawl Stone Soup version 0.24-a0-117-g53b5160 (webtiles) character file.

Game seed: 5990341174341502297

15 galech the Skirmisher (level 2, 17/24 HPs)
             Began as a Demonspawn Fighter on Feb 18, 2019.
             Quit the game on level 1 of the Dungeon.
             The game lasted 00:00:39 (235 turns).

galech the Skirmisher (Demonspawn Fighter)           Turns: 235, Time: 00:00:40

Health: 17/24      AC:  8    Str: 16    XL:     2   Next: 34%
Magic:  2/2        EV:  4    Int:  9    God:
Gold:   14         SH:  8    Dex: 12    Spells: 1/1 levels left

rFire    . . .     SeeInvis .   a - +0 war axe
rCold    . . .     Gourm    .   c - +0 shield
rNeg     . . .     Faith    .   g - +0 chain mail
rPois    .         Spirit   +   (no helmet)
rElec    .         Reflect  .   (no cloak)
rCorr    .         Harm     .   (no gloves)
MR       .....                  (no boots)
Stlth    ..........             e - amulet of guardian spirit
HPRegen  0.08/turn              (no ring)
MPRegen  0.08/turn              (no ring)

@: drained
A: demonic guardian 1
a: no special abilities


You were on level 1 of the Dungeon.
You were not hungry.

You visited 1 branch of the dungeon, and saw 1 of its levels.

You collected 14 gold pieces.

Inventory:

Hand Weapons
 a - a +0 war axe (weapon)
Armour
 b - a +0 scale mail
 c - a +0 shield (worn)
 g - a +0 chain mail (worn)
Jewellery
 e - an amulet of guardian spirit (around neck)
Scrolls
 j - a scroll of random uselessness {unknown}
Potions
 d - a potion of might
 i - a potion of agility {unknown}
Comestibles
 f - a ration
 h - 15 chunks of flesh


   Skills:
 + Level 3.2(2.5) Fighting
 + Level 2.0(1.4) Axes
 + Level 2.9(2.2) Armour
 + Level 2.9(2.2) Shields


You had one spell level left.
You didn't know any spells.
Your spell library was empty.

Dungeon Overview and Level Annotations

Branches:
Dungeon (1/15)

Altars:


Innate Abilities, Weirdness & Mutations

A weak demonic guardian rushes to your aid.


Message History

No target in view!
No target in view!
No target in view!
No target in view!
No target in view!
Found a scroll labeled DOP VEBEORHA.
Items here: ††††† a rat corpse; a jackal corpse x3; a giant cockroach corpse Butcher a rat corpse? [(y)es/(n)o/(a)ll/(q)uit/?]
You butcher the rat corpse.
You butcher the jackal corpse. x3
You butcher the giant cockroach corpse.
h - 8 chunks of flesh (gained 1);
h - 9 chunks of flesh (gained 1)
h - 11 chunks of flesh (gained 2);
h - 13 chunks of flesh (gained 2)
h - 15 chunks of flesh (gained 2)
Items here: ÷÷÷÷ a rat skeleton; a jackal skeleton x3
Magic restored.
j - a scroll labeled DOP VEBEORHA Are you sure you want to abandon this character and quit the game? (Confirm with "yes".)

#.#.#.### #.#.#.#
..#.#.# ###.#.# ###
#.#.. ..# #.#.# #.#
#.#.# #.# #.#.# #.# #
#.#.####### #@####.#
###.#.......#
##.....#
..).#(#####.#
#.....#.#
....#.#####.###.....#
###...........÷.....#
###.#########.......#
#... ....[.### #####
########


There were no monsters in sight!

Vanquished Creatures
  A giant cockroach (D:1)
  3 goblins (D:1)
  A hobgoblin (D:1)
  4 jackals (D:1)
  A bat (D:1)
  3 rats (D:1)
13 creatures vanquished.

Notes
Turn   | Place    | Note
-------+----------+-------------------------------------------
     0 | D:1      | galech the Demonspawn Fighter began the quest for the Orb.
     0 | D:1      | Reached XP level 1. HP: 18/18 MP: 1/1
   196 | D:1      | Gained mutation: A weak demonic guardian rushes to your
                  | aid. [demonic ancestry]
   196 | D:1      | Reached XP level 2. HP: 24/24 MP: 2/2
   235 | D:1      | Quit the game

Levels and vault maps discovered:
D:1:      roderic_octagonal_star, layout_loops_ring, minmay_crystal_water,
          minmay_hexomino_p4

Skill      XL: |  1  2 |
---------------+-------+-----
Axes           | 2 |  2.0
Fighting       | |  3.2
Armour         | |  2.9
Shields        | |  2.9

Action                   || total
-------------------------++-------
Melee: War axe           ||    59
Armor: Chain mail        ||    42
Dodge: Dodged            ||     9
Block: Shield            ||    29

Table legend:
 A = Non-vault XP
 B = Vault XP
 C = Vault XP percentage of total XP
 D = Non-vault monster count
 E = Vault monster count
 F = Vault count percentage of total count
                 A         B        C        D         E       F
            +---------+---------+-------+---------+---------+-------
      Total |      22 |       0 |   0.0 |      13 |       0 |   0.0
            +---------+---------+-------+---------+---------+-------
        D:1 |      22 |       0 |   0.0 |      13 |       0 |   0.0
            +---------+---------+-------+---------+---------+-------
